 Dungeon Crawl Stone Soup version 0.29-a0-1043-g569b05d6ff (webtiles) character file.

Game seed: 4352399826822907222

274 nickcage the Cutter (level 6, 0/44 HPs)
             Began as a Human Wanderer on Aug 15, 2022.
             Slain by an orc priest
             ... wielding a +0 club
              (2 damage)
             ... on level 4 of the Dungeon.
             The game lasted 00:06:20 (4108 turns).

nickcage the Cutter (Human Wanderer)                Turns: 4108, Time: 00:06:21

Health: 0/44       AC:  9    Str: 12    XL:     6   Next: 49%
Magic:  7/7        EV:  5    Int: 11    God:
Gold:   211        SH:  6    Dex: 16    Spells: 6/7 levels left

rFire   . . .      SeeInvis .   a - +1 rapier
rCold   . . .      Faith    .   b - +1 buckler
rNeg    . . .      Spirit   .   u - +0 chain mail
rPois   .          Reflect  .   (no helmet)
rElec   .          Harm     .   (no cloak)
rCorr   .          Rampage  .   (no gloves)
Will    .....                   k - +0 pair of boots
Stlth   ..........              (no amulet)
HPRegen 0.14/turn               (no ring)
MPRegen 0.10/turn               (no ring)

@: no status effects
A: no striking features
a: no special abilities


You were on level 4 of the Dungeon.
You visited 1 branch of the dungeon, and saw 4 of its levels.

You collected 211 gold pieces.

Inventory:

Hand Weapons
 a - a +1 rapier (weapon)
Missiles
 e - 4 boomerangs (quivered)
 l - 2 atropa-tipped darts
 w - a throwing net
Armour
 b - a +1 buckler (worn)
 d - a +0 robe
 k - a +0 pair of boots (worn)
 o - a +0 leather armour
 t - a +0 ring mail
 u - a +0 chain mail (worn)
Wands
 x - a wand of flame (10)
Scrolls
 g - a scroll of teleportation
 j - 3 scrolls of amnesia
Potions
 c - 5 potions of brilliance
 i - 2 potions of lignification
 m - a potion of cancellation
 p - 2 potions of curing
 r - a potion of magic
 s - a potion of heal wounds


   Skills:
 - Level 2.0 Fighting
 + Level 5.8 Short Blades
 + Level 0.2 Throwing
 + Level 2.2 Armour
 + Level 2.8 Shields
 - Level 1.0 Spellcasting
 - Level 2.0 Poison Magic


You had 6 spell levels left.
You knew the following spells:

 Your Spells              Type           Power      Damage    Failure   Level
a - Sting                 Tmut/Pois      8%         1d3       100%        1

Your spell library contained the following spells:

 Spells                   Type           Power      Damage    Failure   Level
 Summon Small Mammal      Summ           0%         N/A       100%        1
 Ensorcelled Hibernation  Hex/Ice        0%         N/A       100%        2
 Call Canine Familiar     Summ           0%         N/A       100%        3
 Ignite Poison            Fire/Tmut/Pois 2%         N/A       100%        3
 Spider Form              Tmut/Pois      2%         N/A       100%        3
 Summon Guardian Golem    Hex/Summ       0%         N/A       100%        3
 Anguish                  Hex/Necr       0%         N/A       100%        4


Dungeon Overview and Level Annotations

Branches:
Dungeon (4/15)
 Temple: D:4-7

Altars:
Gozag
Sif Muna
Xom
Yredelemnul


Message History

The orc priest is heavily wounded.
The orc priest hits you but does no damage.
Something hits you.
You closely miss the orc priest.
The orc priest is heavily wounded.
The orc priest hits you but does no damage.
Something hits you.
You hit the orc priest but do no damage.
The orc priest is heavily wounded.
The orc priest invokes the aid of Beogh against you.
Beogh smites you! Something hits you but does no damage.
You are too injured to fight recklessly!
You are too injured to fight recklessly!
You hit the orc priest.
The orc priest is severely wounded.
The orc priest hits you with a +0 club. Something hits you but does no damage.
You hit the orc priest.
The orc priest is almost dead.
You block the orc priest's attack.
You hear some strange, mumbled words.
A magic dart appears from out of thin air!
The magic dart hits you.
You puncture the orc priest!
You kill the orc priest!
Something hits you but does no damage.
You hit the orc priest.
The orc priest is lightly wounded.
You hit the orc priest but do no damage.
The orc priest is lightly wounded.
The orc priest invokes the aid of Beogh against you.
Beogh smites you!
* * * LOW HITPOINT WARNING * * *
Something hits you but does no damage.
You hit the orc priest but do no damage.
The orc priest is lightly wounded.
You block the orc priest's attack. You block something's attack.
You hit the orc priest but do no damage.
The orc priest is lightly wounded.
The orc priest hits you with a +0 club.
You die...

#.♣.##.#
#...##.####
#.........#
##..##.##.#
########.##.# #
............##
.#######.#...#.#
#[.....#
#@#....#
#o{##..#
##oK.#..#
...#... ..## .
.#. .#.. ##...


You could see an orc priest, an orc and a kobold.

Vanquished Creatures
  An ogre (D:4)
  A hound (D:4)
  An orc priest (D:4)
  Natasha (D:4)
  2 adders (D:2)
  3 worms
  2 dart slugs
  5 orcs (D:3)
  6 ball pythons
  5 bats
  6 endoplasms
  3 giant cockroaches
  9 goblins
  5 hobgoblins
  2 jackals (D:1)
  8 kobolds
  2 quokkas
  4 frilled lizards
  6 rats
72 creatures vanquished.

Notes
Turn   | Place    | Note
-------+----------+-------------------------------------------
     0 | D:1      | nickcage the Human Wanderer began the quest for the Orb.
     0 | D:1      | nickcage set off with the following items: a +0 rapier, a
                  | +0 buckler, a potion of brilliance, a +0 robe; and the
                  | following spell memorised: Sting; and the following spells
                  | available to memorise: Ignite Poison.
     0 | D:1      | Reached XP level 1. HP: 16/16 MP: 2/2
   206 | D:1      | Reached XP level 2. HP: 15/22 MP: 3/3
   646 | D:1      | Reached XP level 3. HP: 22/27 MP: 4/4
  1005 | D:1      | Reached skill level 4 in Short Blades
  1490 | D:2      | Found a shimmering altar of Xom.
  1658 | D:2      | Reached XP level 4. HP: 18/33 MP: 5/5
  2333 | D:3      | Found a basalt altar of Yredelemnul.
  2333 | D:3      | Found a shimmering altar of Xom.
  2948 | D:3      | Found a faded altar of an unknown god.
  3143 | D:3      | Found a shimmering blue altar of Sif Muna.
  3235 | D:3      | Reached XP level 5. HP: 38/38 MP: 6/6
  3427 | D:4      | Noticed an ogre
  3436 | D:4      | HP: 1/38 [ogre/+0 giant spiked club (6)]
  3437 | D:4      | Killed an ogre
  3438 | D:4      | Reached skill level 5 in Short Blades
  3438 | D:4      | Reached skill level 1 in Armour
  3779 | D:4      | Found an opulent altar of Gozag.
  3806 | D:4      | Reached XP level 6. HP: 44/44 MP: 7/7
  3833 | D:4      | Noticed Natasha
  3847 | D:4      | Killed Natasha
  4106 | D:4      | HP: 2/44 [orc priest/divine providence (13)]
  4108 | D:4      | Slain by an orc priest

Illustrated notes

Levels and vault maps discovered:
D:1:      elethiomel_arrival_infinity_welcomes_careful_drivers, layout_rooms,
          hangedman_decor_growths
D:2:      layout_basic, basic_altar, minmay_misc_feat_five
D:3:      layout_rooms, led_sif_pool,
          chequers_temple_overflow_statue_of_worship,
          ebering_ecumenical_altar_ruins
D:4:      layout_loops_corners, mainiacjoe_overflow_boulevard, nicolae_titane,
          uniq_natasha, uniq_grinder

Skill      XL: |  1  2  3  4  5 |
---------------+----------------+-----
Short Blades   | 4 5 |  5.8
Armour         | 2 |  2.2
Fighting       | |  2.0
Throwing       | |  0.2
Shields        | |  2.8
Spellcasting   | |  1.0
Poison Magic   | |  2.0

Action                   |  1- 3 |  4- 6 || total
-------------------------+-------+-------++-------
Melee: Rapier            |    99 |   151 ||   250
Throw: Boomerang         |       |     3 ||     3
  Use: Scroll            |       |    14 ||    14
 Stab: Sleeping          |     1 |       ||     1
Armor: Robe              |    15 |       ||    15
       Chain mail        |     6 |    80 ||    86
       Leather armour    |     2 |       ||     2
       Ring mail         |     2 |       ||     2
Dodge: Dodged            |    45 |    21 ||    66
Block: Buckler           |    21 |    42 ||    63

Table legend: (Time is in decaauts)
 A = Elapsed time spent in this place.
 B = Non-inter-level travel time spent in this place.
 C = Inter-level travel time spent in this place.
 D = Time resting spent in this place.
 E = Time spent auto-exploring this place.
 F = Levels seen in this place.
 G = Mean time per level.
                   A        B        C        D        E       F      G
               +--------+--------+--------+--------+--------+-----+--------+
         Total |   4113 |   4059 |     54 |    683 |   2823 |   4 | 1028.2 |
       Dungeon |   4113 |   4059 |     54 |    683 |   2823 |   4 | 1028.2 |
               +--------+--------+--------+--------+--------+-----+--------+

Top non-repeatable levels by time:
     D:1: 1274 daAuts
     D:3: 1083 daAuts
     D:2: 1063 daAuts
     D:4: 691 daAuts
